 Dungeon Crawl Stone Soup version 0.22-a0-848-ge9e22a0 (webtiles) character file.

1019272 iamserjio the Conqueror (level 27, -16/351 (354) HPs)
             Began as a Purple Draconian Monk on July 25, 2018.
             Was the Champion of Cheibriados.
             Killed from afar by a hellion (25 damage)
             ... with damnation
             ... in Pandemonium on July 26, 2018.
             The game lasted 07:46:34 (33049 turns).

iamserjio the Conqueror (Purple Draconian Monk)    Turns: 33049, Time: 07:46:34

HP:   -16/351 (354) AC: 33    Str: 26    XL:     27
MP:   47/47         EV: 32    Int: 37    God:    Cheibriados [******]
Gold: 643           SH: 21    Dex: 29    Spells: 0/66 levels left

rFire    + + +     SeeInvis +     - Unarmed
rCold    + . .     Gourm    .   L - +5 shield {reflect}
rNeg     + + +     Faith    .   (armour unavailable)
rPois    ∞         Spirit   .   i - -2 hat of the Alchemist {rElec rPois rF+ rC+ rN+ MR+ rMut rCorr}
rElec    +         Reflect  +   e - +2 cloak of the Thief {+Fog Slay-2 SInv Stlth+}
rCorr    +         Harm     .   (gloves currently unavailable)
rMut     +                      (boots currently unavailable)
MR       +++++                  E - amulet of magic regeneration
Stlth    +++++++++.             Q - +4 ring of protection
HPRegen  1.68/turn              X - ring of the Moon {rF++ rN+ Stlth+}
MPRegen  0.55/turn

@: statue-form, regenerating, studying Throwing, deflect missiles, very slow
A: (breathe power), unfitting armour, horns 1, deterioration 1, weak 2,
cold-blooded, subdued magic 2, MP-powered wands, AC +13
}: 12/15 runes: serpentine, barnacled, slimy, silver, iron, obsidian, icy, bone,
glowing, magical, fiery, dark
a: End Transformation, Bend Time, Temporal Distortion, Slouch, Step From Time,
Renounce Religion, Evoke Fog


You were in Pandemonium.
You worshipped Cheibriados.
Cheibriados was exalted by your worship.
You were not hungry.
You were a stone statue.
You visited 15 branches of the dungeon, and saw 77 of its levels.
You visited Pandemonium 1 time, and saw 17 of its levels.
You visited 1 ziggurat, and saw 9 of its levels.
You also visited: Sewer, Ice Cave and Volcano.

You collected 4600 gold pieces.
You spent 3957 gold pieces at shops.

Inventory:

Hand Weapons
 h - a +1 war axe of distortion
Missiles
 n - 4 throwing nets (quivered) {!f}
Armour
 e - the +2 cloak of the Thief (worn) {+Fog Slay-2 SInv Stlth+}
   (You found it on level 5 of the Pits of Slime)

   It affects your accuracy and damage with ranged weapons and melee attacks
   (-2).
   It lets you see invisible.
   It makes you more stealthy.
 g - a +2 pair of gloves of archery (melded)
 i - the -2 hat of the Alchemist (worn) {rElec rPois rF+ rC+ rN+ MR+ rMut rCorr}
   (You found it on level 7 of the Iron City of Dis)

   It protects you from fire.
   It protects you from cold.
   It insulates you from electricity.
   It protects you from poison.
   It protects you from negative energy.
   It affects your resistance to hostile enchantments.
   It provides partial protection from all sources of acid and corrosion.
   It protects you from mutation.
 y - a +2 pair of boots (melded)
 B - the +3 cloak of Jurhohom {rC+++ Regen+ Str+4 Dex-5}
   (You found it on level 6 of a ziggurat)

   It affects your strength (+4).
   It affects your dexterity (-5).
   It renders you almost immune to cold.
   It increases your rate of regeneration.
 L - a +5 shield of reflection (worn)
 Y - a +2 hat
Jewellery
 p - the amulet of Vitality {Regen+ HP+15}
   (You found it on level 5 of a ziggurat)

   [amulet of regeneration]

   It affects your health (+15).
   It increases your rate of regeneration.
 u - an uncursed ring of wizardry
 w - an uncursed ring of see invisible
 E - an amulet of magic regeneration (around neck)
 F - the ring "Alakh" {MR+ Str+6 Int+4 Dex+6}
   (You found it on level 5 of a ziggurat)

   [ring of protection from magic]

   It affects your strength (+6).
   It affects your intelligence (+4).
   It affects your dexterity (+6).
   It affects your resistance to hostile enchantments.
 K - an uncursed ring of protection from cold
 O - an uncursed ring of resist corrosion
 Q - a +4 ring of protection (left hand)
 X - the ring of the Moon (right hand) {rF++ rN+ Stlth+}
   (You took it off a yaktaur on level 1 of the Depths)

   [ring of stealth]

   It greatly protects you from fire.
   It protects you from negative energy.
   It makes you more stealthy.
Wands
 q - a wand of clouds (11)
 r - a wand of digging (40)
 C - a wand of acid (26)
 S - a wand of iceblast (64)
Scrolls
 b - a scroll of identify {@r1}
 d - 5 scrolls of immolation
 f - 8 scrolls of fog
 m - 13 scrolls of teleportation
 o - 2 scrolls of summoning
 s - 16 scrolls of remove curse {@r2}
 D - a scroll of magic mapping
 N - 6 scrolls of blinking
 R - 4 scrolls of amnesia
 W - a scroll of holy word
 Z - 2 scrolls of enchant armour
Potions
 j - 14 potions of curing {@q1}
 k - 8 potions of magic
 t - a potion of invisibility
 x - 3 potions of cancellation
 z - 5 potions of flight
 G - 2 potions of ambrosia
 H - 5 potions of heal wounds
 I - 2 potions of might
 P - 6 potions of brilliance
 V - 6 potions of mutation
Books
 J - a manual of Throwing
Miscellaneous
 c - a lightning rod (4/4)
 v - a fan of gales
 A - a lamp of fire
 M - 4 phantom mirrors
 T - a phial of floods
 U - a box of beasts
Comestibles
 a - 39 rations


   Skills:
 O Level 27 Fighting
 - Level 6.0 Throwing
 - Level 18.0 Dodging
 - Level 15.1 Stealth
 - Level 16.0 Shields
 - Level 23.0 Unarmed Combat
 - Level 20.0 Spellcasting
   Level 2.0 Hexes
 - Level 11.0 Charms
 - Level 1.1 Summonings
 - Level 18.0 Necromancy
 - Level 3.1 Translocations
 + Level 13.0 Transmutations
   Level 2.0 Ice Magic
 - Level 6.0 Air Magic
 - Level 12.0 Earth Magic
 - Level 12.0 Invocations
 - Level 6.1 Evocations


You couldn't memorise any spells.
You knew the following spells:

 Your Spells              Type           Power        Failure   Level  Hunger
a - Infestation           Necr           #######...   1%          8    ###....
b - Statue Form           Tmut/Erth      ######...    1%          6    None
c - Blink                 Tloc           N/A          1%          2    None
d - Passwall              Tmut/Erth      ######..     0%          2    None
e - Animate Skeleton      Necr           N/A          0%          1    None
f - Borgnjor's Revivific  Necr           #######...   1%          8    ###....
g - Apportation           Tloc           #####.       1%          1    None
h - Animate Dead          Necr           N/A          0%          4    None
i - Borgnjor's Vile Clut  Necr/Erth      #######...   0%          5    None
j - Death's Door          Chrm/Necr      ######....   9%          8    ###....
k - Regeneration          Chrm/Necr      ######....   0%          3    None
l - Irradiate             Conj/Tmut      ######....   1%          5    None
m - Summon Butterflies    Summ           ####....     1%          1    None
n - Passage of Golubria   Tloc           N/A          1%          4    None
o - Song of Slaying       Chrm           ######..     0%          2    None
p - Deflect Missiles      Chrm/Air       ######....   1%          6    None

Your spell library contained the following spells:

 Spells                   Type           Power        Failure   Level  Hunger
 Cause Fear               Hex            ####......   1%          4    None
 Magic Dart               Conj           ###.         1%          1    None
 Fireball                 Conj/Fire      ###.......   16%         5    None
 Conjure Flame            Conj/Fire      ###.....     1%          3    None
 Bolt of Fire             Conj/Fire      ###.......   67%         6    None
 Bolt of Cold             Conj/Ice       ####......   52%         6    None
 Lightning Bolt           Conj/Air       #####.....   3%          5    None
 Bolt of Magma            Conj/Fire/Erth #####.....   2%          5    None
 Slow                     Hex            ####....     1%          2    None
 Confuse                  Hex            ####....     1%          3    None
 Invisibility             Hex            ####....     36%         6    None
 Throw Flame              Conj/Fire      ###...       1%          2    None
 Throw Frost              Conj/Ice       ####..       1%          2    None
 Freezing Cloud           Conj/Ice/Air   #####.....   28%         6    None
 Mephitic Cloud           Conj/Pois/Air  ####....     1%          3    None
 Olgreb's Toxic Radiance  Pois           ###.....     4%          4    None
 Teleport Other           Tloc           #####...     1%          3    None
 Summon Small Mammal      Summ           ####         1%          1    None
 Bolt of Draining         Conj/Necr      ######....   1%          5    None
 Lehudib's Crystal Spear  Conj/Erth      ######....   98%         8    ###....
 Fire Storm               Conj/Fire      ###.......   100%        9    #####..
 Iskenderun's Mystic Bla  Conj           ###.....     4%          4    None
 Pain                     Necr           ####         0%          1    None
 Vampiric Draining        Necr           #######...   0%          3    None
 Haunt                    Necr/Summ      ######....   9%          7    None
 Freeze                   Ice            ####         1%          1    None
 Ozocubu's Refrigeration  Ice            ####......   36%         6    None
 Sticky Flame             Conj/Fire      ###.....     4%          4    None
 Summon Ice Beast         Ice/Summ       ####....     2%          4    None
 Ozocubu's Armour         Chrm/Ice       ######..     1%          3    None
 Call Imp                 Summ           ####....     1%          2    None
 Dispel Undead            Necr           #######.     0%          5    None
 Poison Arrow             Conj/Pois      ###.......   67%         6    None
 Sting                    Conj/Pois      ###.         1%          1    None
 Sublimation of Blood     Necr           #######...   0%          2    None
 Tukima's Dance           Hex            ####....     1%          3    None
 Corpse Rot               Necr           N/A          0%          2    None
 Iron Shot                Conj/Erth      ######....   6%          6    None
 Stone Arrow              Conj/Erth      ######       1%          3    None
 Swiftness                Chrm/Air       ######..     0%          2    None
 Recall                   Summ/Tloc      N/A          1%          3    None
 Agony                    Necr           #######.     0%          5    None
 Ice Form                 Ice/Tmut       ######..     1%          4    None
 Dragon Form              Tmut           ######....   1%          7    None
 Necromutation            Tmut/Necr      #######...   5%          8    ###....
 Death Channel            Necr           #######...   0%          6    None
 Throw Icicle             Conj/Ice       ####....     2%          4    None
 Glaciate                 Conj/Ice       ####......   100%        9    #####..
 Shadow Creatures         Summ           N/A          50%         6    None
 Confusing Touch          Hex            ####..       1%          1    None
 Flame Tongue             Conj/Fire      ###..        1%          1    None
 Call Canine Familiar     Summ           ####....     1%          3    None
 Ensorcelled Hibernation  Hex/Ice        ####..       1%          2    None
 Metabolic Englaciation   Hex/Ice        ####......   6%          5    None
 Silence                  Hex/Air        #####.....   2%          5    None
 Shatter                  Erth           ######....   99%         9    #####..
 Static Discharge         Conj/Air       #####...     1%          3    None
 Corona                   Hex            ####...      1%          1    None
 Lee's Rapid Deconstruct  Erth           ######....   1%          5    None
 Sandblast                Erth           ######       0%          1    None
 Simulacrum               Ice/Necr       ######....   1%          6    None
 Conjure Ball Lightning   Conj/Air       #####.....   26%         6    None
 Chain Lightning          Conj/Air       #####.....   100%        8    ###....
 Excruciating Wounds      Chrm/Necr      ######....   0%          5    None
 Portal Projectile        Hex/Tloc       ####..       1%          3    None
 Petrify                  Tmut/Erth      ######..     0%          4    None
 Orb of Destruction       Conj           ###.......   99%         7    None
 Tornado                  Air            ######....   100%        9    #####..
 Leda's Liquefaction      Hex/Erth       ######....   1%          4    None
 Summon Hydra             Summ           ####......   98%         7    None
 Darkness                 Hex            ####......   36%         6    None
 Inner Flame              Hex/Fire       ####....     1%          3    None
 Iskenderun's Battlesphe  Conj/Chrm      #####...     1%          5    None
 Fulminant Prism          Conj/Hex       ####......   2%          4    None
 Dazzling Spray           Conj/Hex       ####..       1%          3    None
 Force Lance              Conj/Tloc      ####....     2%          4    None
 Spectral Weapon          Hex/Chrm       ######..     1%          3    None
 Searing Ray              Conj           ###...       1%          2    None
 Discord                  Hex            ####......   100%        8    ###....
 Summon Forest            Summ/Tloc      ####......   5%          5    None
 Summon Lightning Spire   Summ/Air       #####...     1%          4    None
 Summon Mana Viper        Hex/Summ       ####....     8%          5    None
 Hydra Form               Tmut           ######....   1%          6    None
 Gell's Gravitas          Tloc           #####.....   1%          3    None
 Yara's Violent Unravell  Hex/Tmut       ######....   1%          5    None
 Poisonous Vapours        Pois/Air       #####.       1%          2    None
 Ignition                 Fire           ###.......   100%        8    ###....


Dungeon Overview and Level Annotations

Branches:
Dungeon (15/15)            Temple (1/1) D:6            Lair (6/6) D:11
 Shoals (4/4) Lair:4        Snake (4/4) Lair:4        Slime (5/5) Lair:5
    Orc (2/2) D:9             Elf (3/3) Orc:2        Vaults (5/5) D:13
  Crypt (0/3) Vaults:2     Depths (3/5) D:15           Hell (1/1)
    Dis (7/7) Hell            Geh (7/7) Hell            Coc (7/7) Hell
    Tar (7/7) Hell

Altars:
Ashenzari
Cheibriados
Dithmenos
Elyvilon
Fedhas
Gozag
Hepliaklqana
Makhleb
Nemelex Xobeh
Okawaru
Ru
Sif Muna
Trog
Vehumet
Wu Jian
Yredelemnul
The Shining One

Shops:
D:7 [   D:11 (   D:14 *   Orc:2 %?*[:   Elf:2 %   Elf:3 *   Shoals:2 %*
Snake:1 ?}}=   Vaults:1 [(   Vaults:5 }[

Portals:
Hell: Depths:1 Depths:3
Pandemonium: Depths:3
Trove: D:14 (give 17 potions of curing)

Annotations:
D:6 Grinder; Mgcat's ghost, novice DrBe
Vaults:3 1 exclusion
Depths:2 1 runed door, Bai Suzhen
Coc:7 Serpent of Hell


Innate Abilities, Weirdness & Mutations

((You can breathe bolts of dispelling energy.))
((Your rich purple scales are hard. (AC +13)))
You cannot fit into any form of body armour.
You are cold-blooded and may be slowed by cold attacks.
You have a pair of small horns on your head.
Your body sometimes deteriorates upon taking damage.
You are very weak. (Str -4)
Your spells are easier to cast, but less powerful.
You expend magic power (3 MP) to strengthen your wands.


Message History

The hellion gestures at you.
The sphere of damnation explodes!
The damnation engulfs you! The hellion gestures at you.
The sphere of damnation explodes!
The damnation engulfs you!
* * * LOW HITPOINT WARNING * * *
The hellion gestures at you.
The sphere of damnation explodes!
The damnation engulfs you!
* * * LOW HITPOINT WARNING * * *
The hellion gestures at you.
The sphere of damnation explodes!
The damnation engulfs you!
* * * LOW HITPOINT WARNING * * *
The hellion gestures at you.
The sphere of damnation explodes!
The damnation engulfs you!
* * * LOW HITPOINT WARNING * * *
You hear a hideous shriek! x2; You hear a chilling moan.
You hear a shout!
You hear a hideous shriek! x3
You block the fire bat's attack. The hellion gestures at you.
The sphere of damnation explodes!
The damnation engulfs you!
You die...

.....# .....# ..##
....# ...# .... ....#
... ....#. ##'##......
#..........
#.8b.......
#.........≈
#.......≈≈§§ #.##
#......≈≈≈§≈ #...###
#......≈≈§§2
#.....######'##≈≈§≈≈≈4
#.......#...∩..§≈≈≈22.
#.......#......≈≈§§§22
#.......#.....§.≈§≈≈62


You could see a hellion and a fire bat.

Vanquished Creatures
  Cerebov (Pan)
  Asmodeus (Geh:7)
  Antaeus (Coc:7)
  the Royal Jelly (Slime:5)
  Gloorx Vloq (Pan)
  Ereshkigal (Tar:7)
  Mnoleg (Pan)
  Lom Lobon (Pan)
  Dispater (Dis:7)
  6 pandemonium lords
  Mennas (Pan)
  2 shard shrikes
  Saint Roka (Snake:4)
  Geryon (Hell)
  3 golden dragons
  Nikola (Elf:1)
  18 large abominations
  3 doom hounds
  5 bone dragons
  3 iron giants
  11 Tzitzimimeh
  15 Brimstone Fiends
  Rupert (D:15)
  5 liches
  2 hellephants
  6 Hell Sentinels
  6 tentacled monstrosities
  12 Ice Fiends
  2 titans
  22 acid blobs
  3 deep elf blademasters (Elf:3)
  A deep elf master archer (Elf:3)
  6 quicksilver dragons
  Murray (Depths:1)
  13 Executioners
  2 eldritch tentacles
  7 shadow dragons
  Polyphemus (Shoals:4)
  6 sphinxes
  8 ancient champions
  8 tengu reavers
  A draconian monk (Zig:6)
  Donald (Snake:2)
  A storm dragon (Vaults:4)
  21 azure jellies
  17 fire giants
  8 nagarajas
  8 deep elf sorcerers
  6 frost giants
  6 iron dragons
  13 vault wardens
  Aizul (Elf:1)
  The ghost of Juplutso the Markscentaur, a journeyman CeHu of Okawaru (Lair:2)
  5 draconian scorchers
  2 draconian knights
  7 deep elf elementalists
  20 balrugs
  A draconian stormcaller (Zig:6)
  2 warmongers (Pan)
  A spriggan defender (Depths:1)
  10 cacodemons (Pan)
  2 curse skulls (Pan)
  43 reapers
  8 ironheart preservers
  30 very ugly things
  10 war gargoyles
  6 blood saints
  2 draconian annihilators
  10 stone giants
  An elemental wellspring (Coc:5)
  An entropy weaver (Vaults:3)
  6 deep elf demonologists
  6 vampire knights
  Azrael (D:15)
  A black sun (Pan)
  3 corrupters (Pan)
  A black draconian (Zig:8)
  11 lorocyprocas
  A green draconian (Zig:8)
  A white draconian (Zig:8)
  11 deep elf annihilators
  2 yellow draconians
  9 death oozes
  10 deep elf death magi
  15 green deaths (Pan)
  Snorg (Lair:5)
  9 ettins
  7 blizzard demons
  A jiangshi (Vaults:2)
  3 merfolk javelineers
  7 fire dragons
  9 merfolk impalers
  8 great orbs of eyes
  3 quicksilver dragon zombies
  6 yaktaur captains
  3 monstrous demonspawn (Pan)
  Fannar (Lair:1)
  8 deep elf high priests
  2 quicksilver dragon skeletons
  6 rakshasas
  5 hydras
  3 spriggan air magi
  2 hell beasts (Pan)
  26 vault guards
  6 merfolk avatars
  Harold (D:6)
  13 ice dragons
  14 ogre magi
  13 naga warriors
  A ghost crab (Tar:4)
  A catoblepas (Shoals:4)
  14 anacondas
  2 death knights
  22 dancing weapons
  An alligator snapping turtle (Shoals:4)
  A two-headed ogre (shapeshifter) (Depths:3)
  3 deep troll shamans
  7 satyrs
  3 tengu warriors
  4 merfolk aquamancers
  4 orc high priests
  A deep troll earth mage (Depths:2)
  46 two-headed ogres
  A vampire mage (Depths:1)
  12 centaur warriors
  A titan zombie (Dis:2)
  The ghost of sking99 the Thaumaturge, a novice GnWz of Ashenzari (D:9)
  4 death yaks
  A queen ant (D:11)
  21 hell hogs
  10 shock serpents
  Urug (D:15)
  33 hell knights
  15 deep elf knights
  23 naga sharpshooters
  A spriggan berserker (Depths:2)
  The ghost of Azzok the Geomancer, a novice GrEE of Vehumet (D:9)
  A fire crab (Lair:6)
  11 soul eaters
  2 iron golems (Hell)
  A storm dragon zombie (Geh:3)
  3 titan skeletons
  25 sun demons
  54 skeletal warriors
  7 salamander mystics
  2 iron trolls
  A fire crab (shapeshifter) (D:13)
  2 ghost moth zombies (Geh:4)
  9 sea snakes
  5 shadow wraiths
  5 glowing orange brains
  10 sixfirhies (Pan)
  A deep troll (shapeshifter) (Depths:2)
  4 storm dragon skeletons
  3 anaconda zombies
  2 golden dragon zombies
  5 torturous demonspawn (Pan)
  A death drake (Tar:3)
  An infernal demonspawn (Pan)
  5 flayed ghosts
  2 unseen horrors
  18 deep trolls
  12 deep elf archers
  4 gelid demonspawn (Pan)
  15 shadow demons
  15 wizards
  3 lindwurms (Snake:4)
  5 naga ritualists
  6 phantasmal warriors
  6 shadow dragon zombies
  3 golden dragon skeletons
  14 orc knights
  15 ironbrand convokers
  10 harpies
  2 anaconda skeletons
  A harpy (shapeshifter) (D:15)
  5 iron dragon zombies
  Pikel (D:9)
  11 necromancers
  4 wolf spider zombies
  3 wolf spiders
  8 orc sorcerers
  2 stone giant zombies
  43 deep elf magi
  7 shining eyes
  6 cyclopes
  13 mana vipers
  17 fauns
  A shadow dragon skeleton (Geh:7)
  Maurice (D:13)
  18 manticores
  3 elephants (Lair:5)
  45 ugly things
  5 toenail golems (Volcano)
  8 salamanders
  A centaur zombie (D:13)
  8 merfolk sirens
  A dire elephant zombie (Tar:7)
  A frost giant skeleton (Tar:3)
  4 ice statues
  22 rust devils
  2 fire giant skeletons
  An eye of devastation (shapeshifter) (Elf:1)
  10 vault sentinels
  A torpor snail (shapeshifter) (Vaults:2)
  8 apocalypse crabs (Depths:3)
  A black mamba (shapeshifter) (Vaults:2)
  37 black mambas
  7 molten gargoyles
  3 eyes of devastation
  7 guardian serpents
  9 water nymphs
  11 orange demons (Pan)
  20 naga magi
  16 smoke demons
  12 spiny frogs
  A small abomination (Elf:3)
  2 centaur skeletons
  28 tormentors
  3 rime drakes
  18 hellions
  A komodo dragon (shapeshifter) (Vaults:1)
  30 yaktaurs
  2 anaconda simulacra
  A dire elephant skeleton (Pan)
  7 efreet
  27 freezing wraiths
  11 hellwings (Pan)
  5 demonic crawlers (Pan)
  9 komodo dragons
  8 trolls
  A harpy zombie (Dis:3)
  16 ice devils
  4 hydra zombies
  7 red devils
  2 tengu conjurers (Depths:3)
  A meliai (shapeshifter) (D:15)
  2 hydra skeletons (Hell)
  5 hornets
  36 merfolk
  2 polar bears
  3 ice dragon zombies
  3 wind drakes
  89 slime creatures
  8 blink frogs (Lair:1)
  Prince Ribbit (D:8)
  14 hippogriffs
  A hippogriff (shapeshifter) (Vaults:5)
  3 bog bodies (Coc:7)
  6 dream sheep
  7 snapping turtles
  A fire dragon zombie (Coc:5)
  29 flying skulls
  2 air elementals
  Sigmund (D:4)
  2 ice dragon skeletons
  19 shadows
  2 tarantellas (shapeshifter)
  6 alligator zombies
  3 redbacks
  13 wraiths
  5 ynoxinuls (Pan)
  An ettin skeleton (Geh:3)
  A death yak simulacrum (IceCv)
  15 water elementals
  A yak (shapeshifter) (D:15)
  4 wyverns
  37 yaks
  3 fire dragon skeletons
  7 basilisks
  2 steam dragons (Lair:6)
  13 chaos spawn
  3 hungry ghosts
  A basilisk (shapeshifter) (Vaults:2)
  12 fire elementals
  7 golden eyes
  2 hogs (shapeshifter)
  12 neqoxecs (Pan)
  2 vampire mosquitoes (D:15)
  Menkaure (D:5)
  6 wargs
  3 acid dragons
  48 nagas
  Duvessa (D:7)
  6 spiny frog zombies
  15 water moccasins
  13 soldier ants
  A black bear (shapeshifter) (D:14)
  4 floating eyes (Pan)
  7 porcupines
  13 ice beasts
  3 slaves (D:9)
  40 hell hounds
  4 spiny frog skeletons
  An alligator simulacrum (IceCv)
  35 orc warriors
  3 black bears
  8 eyes of draining
  3 sky beasts
  A manticore zombie (Dis:7)
  12 necrophages
  5 phantoms
  21 centaurs
  34 ogres
  2 snapping turtle skeletons
  27 wolves
  A boggart (Vaults:2)
  A crocodile (shapeshifter) (D:15)
  A swamp dragon skeleton (Geh:4)
  5 big kobolds
  15 crocodiles
  4 elf zombies
  2 wyvern zombies
  12 bullfrogs
  A gnoll sergeant (D:8)
  Dowan (D:7)
  A spiny frog simulacrum (Hell)
  A deep troll simulacrum (Vaults:3)
  A water moccasin zombie (D:8)
  A scorpion (D:11)
  6 killer bees
  3 howler monkeys
  34 wights
  4 electric eels
  6 crimson imps
  2 lava snakes (Lair:6)
  2 draconian simulacra (IceCv)
  8 iron imps
  5 hounds
  3 jellies
  20 orc priests
  A gnoll shaman (Zig:4)
  2 human skeletons
  2 iguanas
  23 orc wizards
  6 hell rats (Hell)
  A lightning spire (Zig:8)
  43 worker ants
  6 troll simulacra (IceCv)
  3 spriggan simulacra (IceCv)
  2 wolf simulacra (IceCv)
  3 tengu zombies
  6 centaur simulacra (IceCv)
  2 ogre zombies
  A naga skeleton (Geh:7)
  3 hound skeletons
  2 mummies
  A howler monkey zombie (D:8)
  2 worker ant zombies
  3 gnolls (D:8)
  4 river rats
  13 adders
  3 naga simulacra (IceCv)
  8 shadow imps
  14 white imps
  6 oozes
  3 worms
  4 leopard geckos
  88 orcs
  4 ball pythons
  5 bats
  13 giant cockroaches
  6 goblins
  2 hobgoblins
  3 jackals
  20 kobolds
  6 quokkas
  A ball python skeleton (D:6)
  6 frilled lizards
  A leopard gecko skeleton (D:4)
  9 rats
  4 crawling corpses
  4 plants
2946 creatures vanquished.

Vanquished Creatures (collateral kills)
  the Serpent of Hell (Coc:7)
  A pandemonium lord (Pan)
  3 bone dragons
  2 doom hounds
  5 Tzitzimimeh
  5 Brimstone Fiends
  2 tentacled monstrosities
  A Hell Sentinel (Dis:7)
  2 Ice Fiends
  A titan (Vaults:4)
  2 eldritch tentacles
  2 Executioners (Pan)
  4 ancient champions (Dis:7)
  6 shadow dragons
  A fire giant (Depths:3)
  A deep elf sorcerer (Elf:3)
  2 iron dragons
  A blood saint (Pan)
  5 balrugs
  2 vault wardens
  3 warmongers (Pan)
  7 cacodemons
  A deep elf elementalist (Elf:3)
  4 ironheart preservers
  18 reapers
  3 war gargoyles (Dis:7)
  3 corrupters (Pan)
  4 stone giants
  A very ugly thing (Vaults:3)
  2 vampire knights
  2 deep elf annihilators (Elf:3)
  2 black suns (Pan)
  A merfolk javelineer (Shoals:4)
  8 green deaths (Pan)
  2 quicksilver dragon zombies
  An ettin (Depths:3)
  4 blizzard demons
  A fire dragon (Depths:1)
  2 yaktaur captains
  A quicksilver dragon skeleton (Geh:4)
  A great orb of eyes (Depths:3)
  A deep elf high priest (Elf:3)
  3 naga warriors
  3 rakshasas
  5 ice dragons
  A spriggan air mage (Depths:3)
  A hell beast (Pan)
  A death knight (Vaults:4)
  A centaur warrior (D:13)
  A two-headed ogre (Vaults:3)
  3 anacondas (Snake:4)
  2 merfolk aquamancers (Shoals:4)
  A deep troll earth mage (Depths:3)
  2 titan zombies
  A shock serpent (Snake:4)
  3 dancing weapons (Dis:7)
  8 hell hogs
  11 hell knights
  12 sun demons
  3 storm dragon zombies
  7 soul eaters
  A deep elf knight (Vaults:5)
  3 golden dragon zombies
  2 sea snakes
  2 shadow wraiths
  2 storm dragon skeletons (Geh:3)
  27 skeletal warriors
  A titan skeleton (Geh:7)
  3 torturous demonspawn (Pan)
  4 anaconda zombies
  6 sixfirhies (Pan)
  A wizard (Pan)
  3 infernal demonspawn (Pan)
  A lindwurm (Snake:4)
  A flayed ghost (Tar:3)
  A deep elf archer (Vaults:5)
  4 shadow demons
  2 shadow dragon zombies
  2 anaconda skeletons
  A golden dragon skeleton (Tar:7)
  2 ironbrand convokers
  A harpy (shapeshifter) (Depths:3)
  2 phantasmal warriors
  7 necromancers
  An orc knight (Orc:1)
  A lindwurm (shapeshifter) (Vaults:2)
  A frost giant zombie (Tar:2)
  A mana viper (Snake:4)
  A wolf spider (Vaults:4)
  3 shadow dragon skeletons
  2 iron dragon zombies
  A cyclops (Shoals:4)
  2 deep elf magi (Vaults:5)
  A salamander (Snake:3)
  2 wolf spider zombies
  2 ugly things (Vaults:3)
  4 manticores
  A shock serpent zombie (Geh:4)
  A guardian serpent (Snake:4)
  7 stone giant zombies
  3 black mambas
  A fire giant zombie (Geh:4)
  4 stone giant skeletons
  A merfolk siren (Shoals:1)
  3 naga magi
  12 rust devils
  A vault sentinel (Vaults:3)
  A molten gargoyle (Hell)
  2 dire elephant skeletons
  10 orange demons (Pan)
  13 smoke demons (Pan)
  A shock serpent skeleton (Dis:5)
  5 yaktaurs
  5 hellions
  A minotaur zombie (Dis:2)
  2 efreet
  2 catoblepas skeletons
  5 demonic crawlers (Pan)
  3 hydra zombies
  8 ice devils
  An anaconda simulacrum (Coc:2)
  8 freezing wraiths
  5 hellwings (Pan)
  10 tormentors
  15 red devils
  2 merfolk
  A polar bear (Lair:4)
  A wind drake (Shoals:4)
  A harpy skeleton (Geh:1)
  An ice dragon zombie (Geh:3)
  An ettin zombie (Dis:7)
  2 hydra skeletons
  3 dream sheep
  2 alligator zombies
  32 flying skulls
  6 shadows
  An ice dragon skeleton (Coc:5)
  12 wraiths
  3 fire dragon zombies
  2 basilisks (Lair:6)
  7 ynoxinuls (Pan)
  A spriggan (shapeshifter) (Vaults:2)
  3 ettin skeletons
  A wyvern (Lair:6)
  2 fire bats (Pan)
  A hungry ghost (Coc:5)
  8 neqoxecs (Pan)
  11 fire elementals
  2 chaos spawn (Pan)
  A vampire mosquito (D:15)
  5 nagas
  4 spiny frog zombies
  An acid dragon (D:14)
  7 large abominations (Pan)
  19 hell hounds
  An orc warrior (Orc:1)
  A porcupine (Lair:4)
  3 ice beasts
  5 phantoms
  6 necrophages
  A manticore zombie (Tar:3)
  7 centaurs
  A crocodile (Lair:6)
  3 bullfrogs
  A big kobold (D:14)
  21 wights
  A crimson imp (Geh:1)
  3 lava snakes (Lair:6)
  A human zombie (Tar:5)
  An orc priest (Orc:2)
  6 iron imps
  4 orc wizards
  4 hell rats (Hell)
  A naga zombie (Dis:5)
  2 mummies
  An adder (D:12)
  A shadow imp (Tar:7)
  6 white imps
  A ball lightning (Pan)
  8 orcs
  3 kobolds (D:14)
  2 fungi (Lair:6)
  4 plants
664 creatures vanquished.

Vanquished Creatures (others)
  A deep elf master archer (Elf:3)
  An eldritch tentacle (Tar:3)
  A fire giant (Depths:3)
  A cacodemon (Pan)
  A spriggan defender (Depths:1)
  2 elemental wellsprings
  2 stone giants
  A deep elf annihilator (Elf:3)
  A lorocyproca (Pan)
  An ettin (Depths:2)
  A blizzard demon (Pan)
  3 yaktaur captains
  A rakshasa (Pan)
  An ice dragon (Coc:7)
  2 ogre magi (Vaults:5)
  A hell hog (Dis:3)
  A deep elf knight (Elf:1)
  A deep troll (Depths:3)
  A glowing orange brain (Depths:3)
  A wizard (Pan)
  2 deep elf archers
  2 necromancers
  A cyclops (Shoals:4)
  A black mamba (Snake:4)
  A vault sentinel (Vaults:3)
  8 yaktaurs
  A small abomination (Elf:3)
  A shadow (Tar:1)
  A fire bat (Pan)
  A neqoxec (Pan)
  A chaos spawn (Pan)
  A naga (Snake:3)
  A soldier ant (D:11)
  A hell hound (Tar:2)
  2 orc warriors
  3 centaurs
  A wight (D:15)
  A crimson imp (Pan)
  An orc wizard (Orc:2)
  A human skeleton (Geh:4)
  14 ball lightnings (Pan)
  2 orcs
  2 blocks of ice (Pan)
  11 fungi
  23 plants
  5 tentacles (Shoals:2)
  5 withered plants (D:9)
119 creatures vanquished.

Grand Total: 3729 creatures vanquished

Notes
Turn   | Place    | Note
-------+----------+-------------------------------------------
     0 | D:1      | iamserjio the Draconian Monk began the quest for the Orb.
     0 | D:1      | Reached XP level 1. HP: 19/19 MP: 1/1
   116 | D:1      | Reached XP level 2. HP: 25/26 MP: 2/2
   733 | D:3      | Reached XP level 3. HP: 33/33 MP: 3/3
   826 | D:3      | Noticed a bullfrog
   838 | D:3      | Killed a bullfrog
   838 | D:3      | Reached skill level 4 in Fighting
   838 | D:3      | Reached XP level 4. HP: 31/40 MP: 4/4
   903 | D:3      | Reached skill level 5 in Unarmed Combat
   903 | D:3      | Reached XP level 5. HP: 47/47 MP: 5/5
  1128 | D:4      | Noticed Grinder
  1209 | D:4      | Found a sparkling altar of Nemelex Xobeh.
  1289 | D:4      | Reached skill level 5 in Fighting
  1289 | D:4      | Reached XP level 6. HP: 54/56 MP: 6/6
  1310 | D:4      | Noticed Sigmund
  1336 | D:4      | Killed Sigmund
  1432 | D:5      | Entered Level 5 of the Dungeon
  1468 | D:5      | Your scales start taking on a rich purple colour.
  1468 | D:5      | Reached XP level 7. HP: 37/62 MP: 7/7
  1496 | D:5      | Noticed Menkaure
  1533 | D:6      | Found a transporter.
  1534 | D:6      | Noticed Mgcat's ghost (novice DrBe)
  1542 | D:6      | Noticed a wraith
  1554 | D:6      | Gained mutation: You are occasionally teleported next to monsters. [potion of mutation]
  1554 | D:6      | Gained mutation: You passively map a small area around you. [potion of mutation]
  1589 | D:6      | Found a staircase to the Ecumenical Temple.
  1622 | Temple   | Entered the Ecumenical Temple
  1701 | Temple   | Became a worshipper of Cheibriados the Contemplative
  1701 | Temple   | Reached * piety under Cheibriados
  1701 | Temple   | Reached ** piety under Cheibriados
  1804 | D:5      | Found a white marble altar of Elyvilon.
  1908 | D:5      | Reached skill level 6 in Fighting
  1929 | D:5      | Found a glowing drain.
  1934 | Sewer    | Entered a sewer
  2280 | Sewer    | Reached *** piety under Cheibriados
  2518 | D:5      | Reached XP level 8. HP: 49/71 MP: 8/8
  2603 | D:5      | Killed Menkaure
  2603 | D:5      | Reached skill level 7 in Fighting
  3053 | D:6      | Reached **** piety under Cheibriados
  3058 | D:6      | Reached skill level 1 in Invocations
  3299 | D:6      | Found a transporter.
  3423 | D:7      | Noticed Harold
  3423 | D:7      | Noticed a hippogriff
  3452 | D:6      | Killed Harold
  3452 | D:6      | Reached skill level 10 in Unarmed Combat
  3452 | D:6      | Reached XP level 9. HP: 14/79 MP: 9/11
  3623 | D:7      | Noticed Duvessa
  3623 | D:7      | Noticed Dowan
  3630 | D:7      | Killed Duvessa
  3644 | D:7      | Killed Dowan
  3703 | D:7      | Found an iron altar of Okawaru.
  4089 | D:7      | Found Mozxoica's Armour Shop.
  4094 | D:7      | Bought a +2 buckler of protection for 279 gold pieces
  4273 | D:8      | Reached skill level 1 in Shields
  4307 | D:8      | Noticed Prince Ribbit
  4479 | D:8      | Reached XP level 10. HP: 67/86 MP: 13/13
  4516 | D:8      | Killed Prince Ribbit
  4562 | D:8      | Reached skill level 5 in Dodging
  4803 | D:9      | Reached ***** piety under Cheibriados
  4832 | D:9      | Reached skill level 5 in Stealth
  4832 | D:9      | Reached skill level 5 in Invocations
  4846 | D:9      | Noticed Pikel
  4873 | D:9      | Killed Pikel
  5055 | D:9      | Found a runed gate.
  5055 | D:9      | Found a runed gate.
  5055 | D:9      | Noticed a two-headed ogre
  5070 | D:9      | Killed a two-headed ogre
  5080 | D:9      | Noticed sking99's ghost (novice GnWz)
  5132 | D:9      | Reached skill level 8 in Fighting
  5218 | D:9      | Found a runed gate.
  5223 | D:9      | Noticed Azzok's ghost (novice GrEE)
  5239 | D:9      | Found a staircase to the Orcish Mines.
  5287 | D:10     | Entered Level 10 of the Dungeon
  5287 | D:10     | Found the +7 sceptre of Torment
  5287 | D:10     | Noticed an unseen horror
  5584 | D:10     | Noticed a two-headed ogre
  5592 | D:10     | Killed a two-headed ogre
  5729 | D:10     | Killed an unseen horror
  5729 | D:10     | Reached XP level 11. HP: 40/93 MP: 16/16
  6125 | D:11     | Noticed a cyan ugly thing
  6234 | D:11     | You fall through a shaft!
  6765 | D:11     | Reached skill level 1 in Spellcasting
  6833 | D:11     | Reached ****** piety under Cheibriados
  6847 | D:11     | Noticed a queen ant
  6870 | D:11     | Killed a queen ant
  7090 | D:11     | Learned a level 1 spell: Sandblast
  7214 | D:11     | Found Omeph's Antique Weapon Emporium.
  7274 | D:11     | Found a staircase to the Lair.
  7309 | Lair:1   | Entered Level 1 of the Lair of Beasts
  7321 | Lair:1   | Got a fine buckler
  7336 | Lair:1   | Identified the cursed +0 buckler of Filth {rPois MP-9 Int+4} (You found it on level 1 of the Lair of Beasts)
  7372 | Lair:1   | Reached skill level 1 in Earth Magic
  7372 | Lair:1   | Reached XP level 12. HP: 102/102 MP: 14/18
  7478 | Lair:1   | Noticed Fannar
  7499 | Lair:1   | Killed Fannar
  7525 | Lair:1   | Reached skill level 9 in Fighting
  7754 | Lair:2   | Found a frozen archway.
  7763 | IceCv    | Entered an ice cave
  7857 | IceCv    | Reached skill level 5 in Shields
  8141 | IceCv    | Reached skill level 10 in Invocations
  8180 | IceCv    | Found an ancient bone altar of Kikubaaqudgha.
  8394 | Lair:2   | Learned a level 4 spell: Ice Form
  8398 | Lair:2   | Learned a level 3 spell: Ozocubu's Armour
  8401 | Lair:2   | Learned a level 2 spell: Passwall
  8415 | Lair:2   | Reached skill level 1 in Transmutations
  8431 | Lair:2   | Reached skill level 1 in Ice Magic
  8628 | Lair:2   | Reached XP level 13. HP: 76/111 MP: 14/20
  8638 | Lair:2   | Found a runed gate.
  8638 | Lair:2   | Found a runed gate.
  8639 | Lair:2   | Found a runed gate.
  8639 | Lair:2   | Noticed Juplutso's ghost (journeyman CeHu)
  8895 | Lair:3   | Reached skill level 1 in Charms
  9183 | Lair:3   | Learned a level 1 spell: Animate Skeleton
  9185 | Lair:3   | Learned a level 1 spell: Confusing Touch
  9187 | Lair:3   | Learned a level 1 spell: Apportation
  9287 | Lair:4   | Reached skill level 1 in Necromancy
  9443 | Lair:4   | Found a staircase to the Shoals.
  9455 | Lair:4   | Reached skill level 1 in Hexes
  9572 | Lair:4   | Found a staircase to the Snake Pit.
  9697 | Lair:5   | Found a staircase to the Slime Pits.
  9804 | Lair:5   | Noticed Snorg
  9819 | Lair:5   | Killed Snorg
  9819 | Lair:5   | Reached skill level 5 in Spellcasting
  9906 | Lair:5   | Reached skill level 5 in Transmutations
  9945 | Lair:5   | Found a basalt altar of Yredelemnul.
 10098 | Lair:6   | Entered Level 6 of the Lair of Beasts
 10459 | Lair:6   | Found a large runed door.
 10460 | Lair:6   | Found a large runed door.
 10475 | Lair:6   | Learned a level 4 spell: Summon Ice Beast
 10481 | Lair:6   | Learned a level 5 spell: Yara's Violent Unravelling
 10583 | Lair:6   | Noticed a fire dragon
 10595 | Lair:6   | Killed a fire dragon
 10740 | Lair:6   | Reached skill level 1 in Evocations
 10744 | Lair:6   | Reached skill level 1 in Summonings
 10744 | Lair:6   | Reached XP level 14. HP: 76/118 MP: 22/24
 10841 | Lair:6   | Reached skill level 15 in Unarmed Combat
 11191 | Orc:1    | Entered Level 1 of the Orcish Mines
 11488 | Orc:1    | Learned a level 4 spell: Cause Fear
 11489 | Orc:2    | Entered Level 2 of the Orcish Mines
 11497 | Orc:2    | Found a dark tunnel.
 11506 | Volcano  | Entered a volcano
 11740 | Orc:2    | Found a staircase to the Elven Halls.
 12086 | Orc:2    | Found Utoeb's Food Shop.
 12176 | Orc:2    | Reached skill level 10 in Fighting
 12387 | Orc:2    | Reached skill level 5 in Evocations
 12414 | Orc:2    | Found Tashrexi's Book Boutique.
 12414 | Orc:2    | Found Xahets's Magic Scroll Shoppe.
 12416 | Orc:2    | Found Bomoleysch's Armour Boutique.
 12416 | Orc:2    | Found Uviskuang's General Store.
 12432 | Orc:2    | Bought a book of Dreams for 750 gold pieces
 12432 | Orc:2    | Bought a book of Necromancy for 300 gold pieces
 12435 | Orc:2    | Bought a potion of might for 68 gold pieces
 12435 | Orc:2    | Bought a scroll of magic mapping for 59 gold pieces
 12437 | Orc:2    | Bought a scroll of fog for 36 gold pieces
 12441 | Orc:2    | Learned a level 3 spell: Regeneration
 12448 | Orc:2    | Learned a level 5 spell: Borgnjor's Vile Clutch
 12487 | Elf:1    | Entered Level 1 of the Elven Halls
 12487 | Elf:1    | Noticed Aizul
 12646 | D:13     | Noticed Maurice
 12653 | D:13     | Killed Maurice
 13027 | D:13     | Found a gate to the Vaults.
 13339 | D:14     | Found a shattered altar of Ashenzari.
 13352 | D:14     | Reached XP level 15. HP: 126/126 MP: 25/27
 13459 | D:14     | Found Etoade's General Store.
 13467 | D:14     | Bought a scroll of fog for 20 gold pieces
 13467 | D:14     | Bought a potion of magic for 80 gold pieces
 13785 | D:14     | Found a portal to a secret trove of treasure.
 13903 | D:15     | Entered Level 15 of the Dungeon
 13903 | D:15     | Noticed Rupert
 13918 | D:15     | Killed Rupert
 14010 | D:15     | Noticed Urug
 14017 | D:15     | Killed Urug
 14057 | D:15     | Reached skill level 5 in Earth Magic
 14141 | D:15     | Reached skill level 5 in Necromancy
 14182 | D:15     | Found a staircase to the Depths.
 14492 | D:15     | Noticed Azrael
 14511 | D:15     | Killed Azrael
 14575 | D:15     | Learned a level 6 spell: Statue Form
 14799 | Snake:1  | Entered Level 1 of the Snake Pit
 14832 | Snake:2  | Noticed Donald
 14874 | Snake:2  | Reached skill level 11 in Fighting
 14904 | Snake:2  | Killed Donald
 14954 | Snake:1  | Reached skill level 10 in Spellcasting
 15009 | Snake:1  | Found Luurig's Magic Scroll Boutique.
 15016 | Snake:1  | Found Weisum's Jewellery Emporium.
 15016 | Snake:1  | Found Vyfecveted's Gadget Shop.
 15017 | Snake:1  | Found Juatah's Gadget Shop.
 15094 | Snake:1  | Reached XP level 16. HP: 136/136 MP: 27/30
 15300 | Snake:2  | Got a vibrating copper ring
 15302 | Snake:2  | Identified the ring "Ruach" {Int+3 Stlth-} (You found it on level 2 of the Snake Pit)
 15329 | Snake:3  | Reached skill level 10 in Dodging
 15361 | Snake:3  | Learned a level 4 spell: Animate Dead
 15724 | Snake:4  | Entered Level 4 of the Snake Pit
 15913 | Snake:4  | Noticed Saint Roka
 15945 | Snake:4  | Killed Saint Roka
 16087 | Snake:4  | Found the +6 Majin-Bo {vamp, Archmagi MP+6 Int+6}
 16165 | Snake:4  | Learned a level 5 spell: Irradiate
 16200 | Snake:4  | Reached XP level 17. HP: 143/143 MP: 32/32
 16313 | Snake:4  | Reached skill level 10 in Earth Magic
 16319 | Snake:4  | Reached skill level 10 in Shields
 16394 | Snake:4  | Got a serpentine rune of Zot
 16798 | Snake:1  | Bought an uncursed ring of resist corrosion for 320 gold pieces
 16798 | Snake:1  | Bought an uncursed ring of protection from fire for 400 gold pieces
 16871 | Shoals:1 | Entered Level 1 of the Shoals
 17034 | Shoals:1 | Noticed a kraken
 17090 | Shoals:1 | Got a fine platinum ring
 17166 | Shoals:1 | Identified the ring of Tiocver {MR- MP+9 Str+6 Int+2} (You found it on level 1 of the Shoals)
 17272 | Shoals:2 | Found Fiabb's Food Emporium.
 17575 | Shoals:3 | Reached XP level 18. HP: 150/150 MP: 32/34
 17759 | Shoals:4 | Entered Level 4 of the Shoals
 17759 | Shoals:4 | Noticed Polyphemus
 17981 | Shoals:4 | Killed Polyphemus
 18174 | Shoals:4 | Got a barnacled rune of Zot
 18210 | Shoals:4 | Reached skill level 10 in Necromancy
 18372 | Shoals:2 | Lost mutation: You passively map a small area around you. [potion of mutation]
 18372 | Shoals:2 | Gained mutation: Your spells are a little easier to cast, but a little less powerful. [potion of mutation]
 18372 | Shoals:2 | Gained mutation: You are robust. (+10% HP) [potion of mutation]
 18423 | Shoals:2 | Found Dqeoceci's Desiderata Depot.
 18480 | Shoals:2 | You fall through a shaft!
 18532 | Shoals:1 | Lost mutation: Your spells are a little easier to cast, but a little less powerful. [potion of mutation]
 18532 | Shoals:1 | Lost mutation: You are occasionally teleported next to monsters. [potion of mutation]
 18532 | Shoals:1 | Gained mutation: You possess an exceptional clarity of mind. [potion of mutation]
 18532 | Shoals:1 | Gained mutation: You have a pair of small horns on your head. [potion of mutation]
 18536 | Shoals:1 | Learned a level 1 spell: Summon Butterflies
 18640 | Slime:1  | Entered Level 1 of the Pits of Slime
 18868 | Slime:2  | Reached skill level 12 in Fighting
 18900 | Slime:2  | Reached XP level 19. HP: 164/176 MP: 35/35
 18980 | Slime:4  | Gained mutation: You are weak. (Str -2) [a shining eye]
 18988 | Slime:4  | Gained mutation: Your body sometimes deteriorates upon taking damage. [a shining eye]
 19145 | Slime:3  | Reached skill level 15 in Shields
 19155 | Slime:3  | Reached skill level 13 in Fighting
 19183 | Slime:3  | Gained mutation: You are very weak. (Str -4) [mutagenic glow]
 19213 | Slime:5  | Entered Level 5 of the Pits of Slime
 19247 | Slime:5  | Gained mutation: You expend magic power (3 MP) to strengthen your wands. [a shining eye]
 19303 | Slime:5  | Noticed the Royal Jelly
 19315 | Slime:5  | Killed the Royal Jelly
 19432 | Slime:5  | Identified the Compendium of the Blaze and Feathers
 19441 | Slime:5  | Got an ancient lead amulet
 19454 | Slime:5  | Identified the amulet of Gecvis {Acrobat rF+ MP+9 Int-5 Dex+6} (You found it on level 5 of the Pits of Slime)
 19455 | Slime:5  | Identified a scroll of acquirement
 19461 | Slime:5  | Found the +2 cloak of the Thief {+Fog Slay-2 SInv Stlth+}
 19480 | Slime:5  | Identified the cursed +0 pair of gloves "Kocsuppua" {+Inv} (You found it on level 5 of the Pits of Slime)
 19499 | Slime:5  | Got a slimy rune of Zot
 19722 | Lair:2   | Killed Juplutso's ghost
 19723 | Lair:2   | Upgraded the game from 0.22-a0-833-g8522bf8 to 0.22-a0-848-ge9e22a0
 19790 | D:9      | Killed Azzok's ghost
 19806 | D:9      | Killed sking99's ghost
 19924 | Elf:1    | Killed Aizul
 20007 | Elf:1    | Noticed Nikola
 20013 | Elf:1    | Killed Nikola
 20026 | Elf:1    | Reached XP level 20. HP: 190/190 MP: 28/36
 20203 | Elf:1    | Identified the Volume of Darkness
 20242 | Elf:1    | Reached skill level 14 in Fighting
 20461 | Elf:3    | Entered Level 3 of the Elven Halls
 20922 | Elf:3    | Reached skill level 15 in Fighting
 20977 | Elf:3    | Reached skill level 16 in Fighting
 21007 | Elf:3    | Got a faintly humming shield
 21018 | Elf:3    | Identified the +1 shield of Eternity {rPois Int+3} (You took it off a deep elf demonologist on level 3 of the Elven Halls)
 21131 | Elf:3    | Got a bound turquoise ring
 21165 | Elf:3    | Identified the ring of the Median {Ice rElec rPois MP-9 SInv} (You found it on level 3 of the Elven Halls)
 21320 | Elf:3    | Found Upeuc's General Store.
 21327 | Elf:3    | Bought a scroll of amnesia for 70 gold pieces
 21327 | Elf:3    | Bought a scroll of blinking for 150 gold pieces
 21327 | Elf:3    | Bought 2 potions of brilliance for 160 gold pieces
 21388 | Elf:2    | Found Biethros's Food Shop.
 21414 | Elf:2    | Identified Wukipr Weru's Papyrus of Boosting Combat Magic
 21480 | Elf:2    | Reached XP level 21. HP: 206/206 MP: 37/37
 21607 | Orc:2    | Bought a scroll of identify for 34 gold pieces
 21607 | Orc:2    | Bought a scroll of enchant armour for 127 gold pieces
 21981 | Vaults:1 | Entered Level 1 of the Vaults
 21991 | Vaults:1 | Learned a level 4 spell: Passage of Golubria
 22020 | Vaults:1 | Learned a level 2 spell: Song of Slaying
 22062 | Vaults:3 | Reached skill level 1 in Translocations
 22192 | Vaults:3 | Found Fagiaczu's Jewellery Emporium.
 22295 | Vaults:5 | Entered Level 5 of the Vaults
 22320 | Vaults:5 | Reached skill level 17 in Fighting
 22324 | Vaults:5 | Paralysed by a floating eye for 3 turns
 22388 | Vaults:5 | Noticed a golden dragon
 22409 | Vaults:4 | Killed a golden dragon
 22473 | Vaults:5 | Reached skill level 18 in Fighting
 22533 | Vaults:4 | Reached XP level 22. HP: 222/222 MP: 27/38
 22739 | Vaults:5 | Noticed a golden dragon
 22743 | Vaults:5 | Killed a golden dragon
 22800 | Vaults:5 | Found the +9 heavy crossbow "Sniper" {velocity, Acc+∞ SInv}
 22927 | Vaults:5 | Found Piky's Gadget Boutique.
 22958 | Vaults:5 | Got a silver rune of Zot
 22983 | Vaults:5 | Found Monkey's Antique Armour Emporium.
 23047 | Vaults:5 | Identified Yrchulaom's Handbook of Vitriolic Earth
 23327 | Vaults:4 | Reached skill level 19 in Fighting
 23584 | Vaults:3 | Reached XP level 23. HP: 234/234 MP: 35/40
 23641 | Vaults:2 | Found a basalt altar of Yredelemnul.
 23723 | Vaults:2 | Found a staircase to the Crypt.
 23969 | Vaults:1 | Found Feetyze's Armour Emporium.
 23982 | Vaults:1 | Found Maiv's Antique Weapon Boutique.
 24224 | Orc:2    | Bought a Necronomicon for 1104 gold pieces
 24335 | D:10     | Learned a level 6 spell: Deflect Missiles
 24428 | D:15     | Learned a level 8 spell: Infestation
 24429 | Depths:1 | Entered Level 1 of the Depths
 24454 | Depths:1 | Found a shattered altar of Ashenzari.
 24476 | Depths:1 | Reached skill level 1 in Air Magic
 24561 | Depths:2 | Reached skill level 20 in Fighting
 24577 | Depths:2 | Reached skill level 15 in Spellcasting
 24612 | Depths:2 | Found a runed door.
 24612 | Depths:2 | Noticed Bai Suzhen
 24729 | Depths:2 | Reached XP level 24. HP: 236/246 MP: 42/42
 24823 | Depths:1 | Found a gateway to Hell.
 24873 | Depths:1 | Reached skill level 5 in Charms
 24875 | Depths:1 | Got a slimy turquoise ring
 24908 | Depths:1 | Reached skill level 5 in Air Magic
 25074 | Depths:1 | Found a gateway to a ziggurat.
 25092 | Depths:1 | Identified the ring of the Moon {rF++ rN+ Stlth+} (You took it off a yaktaur on level 1 of the Depths)
 25111 | Depths:1 | Got a glittering lead ring
 25111 | Depths:1 | Got a sparkling bone ring
 25113 | Depths:1 | Identified the ring of the Good {MP+9 Stlth+} (You acquired it on level 1 of the Depths)
 25115 | Depths:1 | Identified the ring "Nefewu" {Str+4 Int+5 Dex+4} (You acquired it on level 1 of the Depths)
 25123 | Zig:1    | Entered Level 1 of a ziggurat
 25137 | Zig:2    | Entered Level 2 of a ziggurat
 25138 | Zig:2    | Noticed Qaniute the pandemonium lord
 25145 | Zig:2    | Killed Qaniute the pandemonium lord
 25158 | Zig:3    | Entered Level 3 of a ziggurat
 25192 | Zig:4    | Entered Level 4 of a ziggurat
 25225 | Zig:5    | Entered Level 5 of a ziggurat
 25230 | Zig:5    | Found the amulet of Vitality {Regen+ HP+15}
 25238 | Zig:5    | Reached skill level 15 in Necromancy
 25253 | Zig:5    | Got a fine turquoise ring
 25255 | Zig:5    | Identified the ring "Alakh" {MR+ Str+6 Int+4 Dex+6} (You found it on level 5 of a ziggurat)
 25259 | Zig:6    | Entered Level 6 of a ziggurat
 25293 | Zig:6    | Identified the ring "Ruruy" {MR+ Stlth-} (You found it on level 6 of a ziggurat)
 25297 | Zig:6    | Identified the +3 cloak of Jurhohom {rC+++ Regen+ Str+4 Dex-5} (You found it on level 6 of a ziggurat)
 25319 | Zig:7    | Entered Level 7 of a ziggurat
 25356 | Zig:8    | Entered Level 8 of a ziggurat
 25388 | Zig:8    | Found the +10 morningstar "Eos" {elec, Halo rElec}
 25396 | Zig:8    | Identified the Compendium of Arcane Weapons
 25411 | Zig:9    | Entered Level 9 of a ziggurat
 25437 | Zig:9    | Reached skill level 21 in Fighting
 25488 | Depths:1 | Learned a level 2 spell: Blink
 25491 | Hell     | Entered the Vestibule of Hell
 25491 | Hell     | Noticed Geryon
 25501 | Hell     | Noticed Murray
 25504 | Hell     | Killed Geryon
 25507 | Hell     | Reached skill level 1 in Throwing
 25515 | Depths:1 | Killed Murray
 25543 | Hell     | Reached XP level 25. HP: 258/258 MP: 37/43
 25609 | Hell     | Found a gateway to the Iron City of Dis.
 25624 | Dis:1    | Entered Level 1 of the Iron City of Dis
 25624 | Dis:1    | Found a gateway to Hell.
 25637 | Dis:2    | Found a gateway to Hell.
 25692 | Dis:2    | Found a gateway to Hell.
 25807 | Dis:2    | Found a gateway to Hell.
 25871 | Dis:3    | Found a gateway to Hell.
 26028 | Dis:3    | Found a gateway to Hell.
 26074 | Dis:4    | Found a gateway to Hell.
 26074 | Dis:4    | Found a gateway to Hell.
 26147 | Dis:5    | Found a gateway to Hell.
 26380 | Dis:6    | Found a gateway to Hell.
 26469 | Dis:6    | Found a gateway to Hell.
 26587 | Dis:7    | Entered Level 7 of the Iron City of Dis
 26587 | Dis:7    | Found a gateway to Hell.
 26587 | Dis:7    | Found a gateway to Hell.
 26587 | Dis:7    | Found a gateway to Hell.
 26680 | Dis:7    | Learned a level 8 spell: Borgnjor's Revivification
 26731 | Dis:7    | Reached XP level 26. HP: 270/270 MP: 22/44
 26875 | Dis:7    | Noticed Dispater
 26892 | Dis:7    | Killed Dispater
 26916 | Dis:7    | Found the -2 hat of the Alchemist {rElec rPois rF+ rC+ rN+ MR+ rMut rCorr}
 26935 | Dis:7    | Got an iron rune of Zot
 27022 | Dis:7    | Reached skill level 22 in Fighting
 27133 | Hell     | Found a gateway to the ashen valley of Gehenna.
 27146 | Geh:1    | Entered Level 1 of Gehenna
 27146 | Geh:1    | Found a gateway to Hell.
 27304 | Geh:2    | Found a gateway to Hell.
 27318 | Geh:3    | Found a gateway to Hell.
 27437 | Geh:4    | Found a gateway to Hell.
 27642 | Geh:4    | Reached skill level 15 in Dodging
 27648 | Geh:5    | Found a gateway to Hell.
 27657 | Geh:6    | Found a gateway to Hell.
 27687 | Geh:6    | Reached XP level 27. HP: 273/279 MP: 33/45
 27694 | Geh:7    | Entered Level 7 of Gehenna
 27694 | Geh:7    | Found a gateway to Hell.
 27694 | Geh:7    | Found a gateway to Hell.
 27694 | Geh:7    | Found a gateway to Hell.
 27694 | Geh:7    | Found a gateway to Hell.
 27952 | Geh:7    | Noticed Asmodeus
 27964 | Geh:7    | Killed Asmodeus
 28002 | Geh:7    | Got an obsidian rune of Zot
 28008 | Geh:7    | Got a glittering iron ring
 28010 | Geh:7    | Identified the ring of Azacluk {rC- MR++ Str+9 Int+3 Stlth-} (You acquired it on level 7 of Gehenna)
 28081 | Hell     | Found a gateway to the decaying netherworld of Tartarus.
 28092 | Tar:1    | Entered Level 1 of Tartarus
 28092 | Tar:1    | Found a gateway to Hell.
 28195 | Tar:2    | Found a gateway to Hell.
 28229 | Tar:2    | Found a gateway to Hell.
 28239 | Tar:3    | Found a gateway to Hell.
 28256 | Tar:3    | Found a gateway to Hell.
 28386 | Tar:3    | Found a gateway to Hell.
 28443 | Tar:3    | Reached skill level 10 in Stealth
 28694 | Tar:4    | Found a gateway to Hell.
 28770 | Tar:5    | Found a gateway to Hell.
 28903 | Tar:5    | You fall through a shaft!
 28931 | Tar:7    | Entered Level 7 of Tartarus
 28931 | Tar:7    | Found a gateway to Hell.
 29017 | Tar:7    | Noticed Ereshkigal
 29026 | Tar:7    | Killed Ereshkigal
 29048 | Tar:7    | Reached skill level 23 in Fighting
 29106 | Tar:7    | Got a bone rune of Zot
 29256 | Hell     | Found a gateway to the freezing wastes of Cocytus.
 29289 | Coc:1    | Entered Level 1 of Cocytus
 29289 | Coc:1    | Found a gateway to Hell.
 29297 | Coc:2    | Found a gateway to Hell.
 29328 | Coc:2    | Found a gateway to Hell.
 29370 | Coc:2    | Found a gateway to Hell.
 29433 | Coc:3    | Found a gateway to Hell.
 29435 | Coc:3    | Found a gateway to Hell.
 29469 | Coc:4    | Found a gateway to Hell.
 29488 | Coc:5    | Found a gateway to Hell.
 29494 | Coc:5    | Found a gateway to Hell.
 29568 | Coc:6    | Found a gateway to Hell.
 29604 | Coc:7    | Entered Level 7 of Cocytus
 29604 | Coc:7    | Found a gateway to Hell.
 29604 | Coc:7    | Found a gateway to Hell.
 29604 | Coc:7    | Found a gateway to Hell.
 29710 | Coc:7    | Learned a level 8 spell: Death's Door
 29739 | Coc:7    | Noticed Antaeus
 29757 | Coc:7    | Killed Antaeus
 29780 | Coc:7    | Got a bound ivory amulet
 29780 | Coc:7    | Got a scintillating lead ring
 29780 | Coc:7    | Got an icy rune of Zot
 29782 | Coc:7    | Identified the ring "Piucu" {Fire Int+3} (You found it on level 7 of Cocytus)
 29889 | Coc:7    | Noticed the Serpent of Hell
 29906 | Coc:7    | Killed the Serpent of Hell
 30265 | Depths:3 | Found a one-way gate leading to the halls of Pandemonium.
 30276 | Depths:3 | Got a coiled lead ring
 30278 | Depths:3 | Identified the ring "Uposibamo" {+Fly rN+ MR+ Str+2 Dex-4} (You acquired it on level 3 of the Depths)
 30283 | Pan      | Entered Pandemonium
 30416 | Pan      | Noticed Doytis the pandemonium lord
 30428 | Pan      | Killed Doytis the pandemonium lord
 30428 | Pan      | Reached skill level 24 in Fighting
 30453 | Pan      | Entered the realm of Gloorx Vloq.
 30479 | Pan      | Reached skill level 10 in Charms
 30578 | Pan      | Reached skill level 10 in Transmutations
 30611 | Pan      | Noticed Gloorx Vloq
 30622 | Pan      | Killed Gloorx Vloq
 30630 | Pan      | Got a dark rune of Zot
 30666 | Pan      | Entered the realm of Cerebov.
 30757 | Pan      | Found an exit through the horrors of the Abyss.
 30840 | Pan      | Noticed Cerebov
 30865 | Pan      | Reached skill level 25 in Fighting
 30887 | Pan      | Killed Cerebov
 30929 | Pan      | Identified Koewunwu's Almanac of Warped Confrontation
 30951 | Pan      | Got a fiery rune of Zot
 31078 | Pan      | Noticed Sec Pimp the pandemonium lord
 31086 | Pan      | Reached skill level 5 in Throwing
 31338 | Pan      | Entered the realm of Mnoleg.
 31437 | Pan      | Lost mutation: You are robust. (+10% HP) [a neqoxec]
 31439 | Pan      | Paralysed by a floating eye for 3 turns
 31476 | Pan      | Paralysed by a floating eye for 2 turns
 31496 | Pan      | Gained mutation: Your spells are a little easier to cast, but a little less powerful. [a cacodemon]
 31548 | Pan      | Noticed Mnoleg
 31549 | Pan      | Paralysed by a floating eye for 2 turns
 31558 | Pan      | Gained mutation: Your spells are easier to cast, but less powerful. [a cacodemon]
 31564 | Pan      | Killed Mnoleg
 31626 | Pan      | Got a glowing rune of Zot
 31695 | Pan      | Reached skill level 26 in Fighting
 31765 | Pan      | Noticed Kait the pandemonium lord
 31780 | Pan      | Killed Kait the pandemonium lord
 31818 | Pan      | Found an exit through the horrors of the Abyss.
 31823 | Pan      | Identified the amulet "Ulytruno" {+Rage rPois} (You found it on level 7 of Cocytus)
 31966 | Pan      | Noticed Mennas
 32073 | Pan      | Killed Mennas
 32113 | Pan      | Noticed Gifrom the pandemonium lord
 32121 | Pan      | Killed Gifrom the pandemonium lord
 32197 | Pan      | Found an exit through the horrors of the Abyss.
 32270 | Pan      | Noticed Qintubb the pandemonium lord
 32291 | Pan      | Killed Qintubb the pandemonium lord
 32302 | Pan      | Entered the realm of Lom Lobon.
 32460 | Pan      | Noticed Lom Lobon
 32481 | Pan      | Killed Lom Lobon
 32524 | Pan      | Got a magical rune of Zot
 32661 | Pan      | Noticed Camaxt the pandemonium lord
 32693 | Pan      | Killed Camaxt the pandemonium lord
 32693 | Pan      | Reached skill level 15 in Stealth
 32698 | Pan      | Reached skill level 27 in Fighting
 32858 | Pan      | Lost mutation: You possess an exceptional clarity of mind. [a neqoxec]
 33001 | Pan      | Found an exit through the horrors of the Abyss.
 33011 | Pan      | Noticed Oxog the pandemonium lord
 33016 | Pan      | Killed Oxog the pandemonium lord
 33048 | Pan      | HP: 13/351 [hellion/damnation (34)]
 33048 | Pan      | HP: 4/351 [hellion/damnation (9)]
 33049 | Pan      | Killed from afar by a hellion

Vault maps used:
D:1:      eino_arrival_water_star, minmay_tiny_reverse_x
D:4:      nemelex_diamond_rough_becter, uniq_grinder, uniq_sigmund
D:5:      basic_altar, first_ration, portal_sewer_entry_e, uniq_menkaure
D:6:      minmay_temple_entry_large_hall, gammafunk_ghost_mausoleum
D:7:      okawaru_trees_1, serial_shops, shop_statue, uniq_harold, uniq_duvessa
D:8:      uniq_prince_ribbit1
D:9:      orc_0_dummy, gammafunk_ghost_cemetery, hangedman_fish_farm,
          chequers_big_river, uniq_pikel
D:10:     minmay_tree_intersection, nicolae_benzene_ring, billiards_dpeg
D:11:     minmay_lair_entry_grove, serial_shops, kennysheep_mini, zaba_anthell
D:13:     erik_vaults_1, uniq_maurice
D:14:     serial_shops, shop, nicolae_trove_entry_crystal, basic_altar
D:15:     gammafunk_enter_depths_forms, serial_bayou_ford_a, uniq_rupert,
          uniq_azrael, uniq_urug
Temple:   minmay_crystal_snake_temple
Lair:1:   uniq_fannar
Lair:2:   portal_ice_cave_entry_pillars_2, gammafunk_ghost_split,
          grunt_forest_large_clearings
Lair:3:   minmay_holes, ldierk_geyser, infiniplex_staircase_pool_2,
          grunt_megastairs_3
Lair:4:   minmay_shoals_entry_beasts, minmay_snake_entry_guardpost_small
Lair:5:   dpeg_slime_entry_corner, basic_altar, uniq_snorg
Lair:6:   cheibrodos_lair_end_hotspot, minivault_26
Shoals:2: serial_shops, shop, nicolae_alphabet_shops
Shoals:3: argonaut_golden_fleece
Shoals:4: shoals_end_simple, uniq_polyphemus
Snake:1:  cheibrodos_forgotten_conduit, serial_shops, shop,
          nicolae_snake_horde_hoard, minmay_shop_grove
Snake:2:  hangedman_snake_wide_pillar_pass, uniq_donald
Snake:4:  snake_pit_salamanders_mu, uniq_saint_roka
Slime:3:  special_room
Orc:1:    nicolae_orc_sculptors_studio
Orc:2:    grunt_orc_tribal_feast, serial_shops, shop,
          nicolae_volcano_entry_hallway
Elf:1:    serial_shops, nicolae_shop_window_shopping, minmay_elf_necromancy,
          grunt_megastairs_2, uniq_nikola, uniq_aizul
Elf:2:    serial_shops, shop, hex_large, hex_intersection
Elf:3:    nooodl_elf_gasket, serial_shops, shop
Vaults:1: vaults_room_stairs_pillars, hangedman_vaults_snaps,
          grunt_vaults_funnel, hangedman_vaults_capsules, serial_shops, shop,
          nicolae_shop_stone, shop, shop
Vaults:2: v_pattern_3, minmay_crypt_entry_simple_box,
          hangedman_vaults_corner_blocks, nicolae_vaults_little_squares_6,
          v_misc_11, ontoclasm_vaults_ring_small, nicolae_vaults_network_s,
          grunt_vaults_diagonal, dpeg_vaults_monster_row,
          ontoclasm_vaults_loading_screen, v_misc_13,
          nicolae_vaults_network_periphery, hangedman_vaults_slice,
          ontoclasm_vaults_decontamination, basic_altar
Vaults:3: nicolae_vaults_what_the_h, ontoclasm_vaults_tryst,
          ontoclasm_vaults_gateway, hangedman_vaults_nails,
          nicolae_vaults_asterisk, nicolae_vaults_network_barrier,
          nicolae_vaults_rhombus_6, grunt_vaults_bifocal, v_misc_29,
          nicolae_vaults_arrows, hangedman_vaults_maws, nicolae_vaults_theta,
          nicolae_vaults_specimen_jars, serial_shops,
          nicolae_shop_window_shopping
Vaults:4: v_misc_27, hangedman_vaults_nails, vaults_dpeg_diagonal, v_misc_12,
          v_misc_15, vaults_room_hallway, hangedman_vaults_slice,
          ontoclasm_vaults_twist, vaults_dpeg_encased_lava
Vaults:5: serial_shops
Depths:1: enter_ziggurat_c, hell_entry, minmay_misc_feat_iff,
          evilmike_ruin_ashenzari
Depths:2: minmay_the_grid_square_5x5_4x4, abyss_entry, hell_entry,
          minmay_misc_feat_four_crosses, item_on_display_a, uniq_bai_suzhen
Depths:3: gammafunk_mikee_crab_dinner, abyss_entry, hell_entry,
          cheibriados_altar_1, pan_entry, infiniplex_staircase_squiggle,
          serial_bayou_shore_a
Dis:3:    hangedman_player_shredder
Dis:4:    lemuel_mystery_crypt
Dis:7:    dis_hangedman
Geh:1:    hangedman_elemental_grid_stream
Geh:3:    nicolae_geh_single_fiery_grave
Geh:5:    nicolae_geh_fiery_graves
Geh:7:    evilmike_geh
Coc:7:    coc_grunt
Tar:1:    grunt_megastairs_4
Tar:4:    lemuel_nasty_fountain
Tar:5:    nicolae_tar_cuneiform_to_be
Tar:7:    tar_grunt_cathedral
Pan:      nicolae_pan_hourglass, pan_blood_fountain, evilmike_mini_pan_rooms,
          gloorx_vloq, nicolae_pan_gloorx_vloqian_3, nicolae_pan_sigil_nadil,
          cerebov_grunt, evilmike_mini_pan_possible_glass,
          pan_blood_fountain_small, evilmike_mini_pan_thingy,
          evilmike_mini_pan_corridor, pan_blood_fountain_2,
          nicolae_pan_sigil_eeng, evilmike_mnoleg_eyes, special_room,
          nicolae_pan_glass_arcs, pan_blood_fountain_small,
          evilmike_mini_pan_other_thingy, uniq_mennas_pan, pan_blood_fountain,
          evilmike_mini_pan_possible_glass, nicolae_pan_gloorx_vloqian_2,
          lom_lobon_st, evilmike_mini_pan_V, special_room, pan_blood_fountain,
          evilmike_mini_pan_possible_glass, pan_blood_fountain, rand_demon_3,
          evilmike_mini_pan_V, reaverb_pan_figure_eight, lemuel_hellion_island
Zig:1:    ziggurat_pillar_centre_c
Sewer:    sewer_co_tree
IceCv:    ice_cave_small_necro
Volcano:  volcano_bunker

Skill      XL: |  1  2  3  4  5  6  7  8  9 10 11 12 13 14 15 16 17 18 19 20 21 22 23 24 25 26 27 |
---------------+----------------------------------------------------------------------------------+-----
Unarmed Combat | 4 5 6 8 10 11 13 14 16 17 18 19 20 21 22 23 | 23.0
Fighting       | 4 5 6 7 8 9 10 11 12 13 16 18 19 20 21 22 27 | 27.0
Stealth        | 3 4 5 6 7 8 9 15 | 15.1
Invocations    | 3 4 7 9 10 11 12 | 12.0
Dodging        | 3 4 6 8 9 10 11 12 15 18 | 18.0
Shields        | 1 4 5 9 12 14 15 16 | 16.0
Spellcasting   | 3 4 7 8 10 11 12 13 15 16 17 18 20 | 20.0
Earth Magic    | 1 2 3 7 9 11 12 | 12.0
Transmutations | 2 5 7 8 9 13 | 13.0
Ice Magic      | 1 2 |  2.0
Charms         | 1 2 4 6 7 11 | 11.0
Necromancy     | 1 3 6 8 10 12 13 14 15 17 18 | 18.0
Hexes          | 1 2 |  2.0
Evocations     | 1 5 6 |  6.1
Summonings     | 1 |  1.1
Translocations | 2 3 |  3.1
Air Magic      | 4 6 |  6.0
Throwing       | 2 4 6 |  6.0

Action                   |  1- 3 |  4- 6 |  7- 9 | 10-12 | 13-15 | 16-18 | 19-21 | 22-24 | 25-27 || total
-------------------------+-------+-------+-------+-------+-------+-------+-------+-------+-------++-------
Melee: Unarmed           |   113 |   126 |   416 |   795 |  1286 |   690 |   556 |   789 |  1890 ||  6661
       Tailslap          |    12 |    17 |    85 |   199 |   371 |   148 |   123 |   178 |   440 ||  1573
       Punch             |     1 |     2 |    25 |       |       |       |       |       |       ||    28
       Headbutt          |       |       |       |       |       |    35 |   204 |   260 |   605 ||  1104
 Fire: Hunting sling     |       |     4 |       |       |       |       |       |       |       ||     4
       Blowgun           |       |       |     2 |     3 |       |       |       |       |       ||     5
Throw: Stone             |       |       |     1 |    12 |     1 |       |       |       |       ||    14
       Tomahawk          |       |       |       |       |     1 |       |       |       |       ||     1
       Throwing net      |       |       |       |       |       |       |     1 |       |    10 ||    11
 Cast: Sandblast         |       |       |       |     7 |       |       |       |       |       ||     7
       Animate Skeleton  |       |       |       |       |   114 |    20 |     1 |     1 |       ||   136
       Ozocubu's Armour  |       |       |       |       |    44 |       |       |       |       ||    44
       Apportation       |       |       |       |       |    87 |    64 |    88 |    44 |    33 ||   316
       Summon Ice Beast  |       |       |       |       |     8 |       |       |       |       ||     8
       Confusing Touch   |       |       |       |       |     7 |       |       |       |       ||     7
       Ice Form          |       |       |       |       |     2 |       |       |       |       ||     2
       Regeneration      |       |       |       |       |    32 |    75 |    71 |    30 |   162 ||   370
       Yara's Violent Un |       |       |       |       |     2 |       |       |       |       ||     2
       Borgnjor's Vile C |       |       |       |       |    16 |    92 |    72 |    81 |   157 ||   418
       Statue Form       |       |       |       |       |     6 |    69 |    49 |    52 |   175 ||   351
       Animate Dead      |       |       |       |       |       |    19 |     7 |    21 |    13 ||    60
       Irradiate         |       |       |       |       |       |       |    10 |       |       ||    10
       Summon Butterflie |       |       |       |       |       |       |     8 |     1 |       ||     9
       Passage of Golubr |       |       |       |       |       |       |     5 |    50 |    88 ||   143
       Song of Slaying   |       |       |       |       |       |       |     3 |     7 |     1 ||    11
       Passwall          |       |       |       |       |       |       |     2 |     5 |    19 ||    26
       Infestation       |       |       |       |       |       |       |       |       |   104 ||   104
       Deflect Missiles  |       |       |       |       |       |       |       |       |     3 ||     3
Invok: Bend Time         |       |       |     1 |       |       |       |       |       |     2 ||     3
       Slouch            |       |       |     1 |    17 |    14 |     8 |     9 |     3 |     5 ||    57
       Temporal Distorti |       |       |       |       |     4 |     6 |       |       |       ||    10
       Step From Time    |       |       |       |       |       |     1 |       |       |       ||     1
 Abil: Breathe Dispellin |       |       |     6 |     7 |       |       |       |       |       ||    13
       Evoke Fog         |       |       |       |       |       |       |       |       |    16 ||    16
Evoke: Wand              |       |       |     2 |    44 |    42 |     1 |       |     3 |    10 ||   102
       Phantom mirror    |       |       |       |       |       |       |       |       |     2 ||     2
  Use: Potion            |       |     7 |     7 |     2 |     2 |     4 |     2 |     1 |     6 ||    31
       Scroll            |       |     1 |    13 |     9 |    11 |    15 |    10 |    21 |    17 ||    97
 Stab: Sleeping          |     1 |     1 |     9 |    11 |    22 |     2 |     4 |     5 |    16 ||    71
       Distracted        |       |       |       |     5 |     7 |    11 |     3 |     6 |    38 ||    70
       Confused          |       |       |       |       |     4 |       |       |       |       ||     4
       Held in net/web   |       |       |       |       |       |       |     1 |       |     6 ||     7
  Eat: Chunk             |       |     2 |     7 |    10 |    20 |     5 |       |       |     1 ||    45
       Ration            |       |       |       |     1 |     1 |     7 |     6 |     4 |    15 ||    34
Armor: Skin              |    34 |    46 |   105 |   177 |   293 |   485 |   401 |   354 |   892 ||  2787
Dodge: Dodged            |    89 |    51 |   260 |   536 |   914 |  1119 |   767 |   897 |  2955 ||  7588
       Deflected         |       |       |       |       |    17 |   153 |       |       |   100 ||   270
Block: Buckler           |       |       |    19 |   309 |   538 |   506 |       |       |       ||  1372
       Shield            |       |       |       |       |       |   357 |   725 |   986 |  3637 ||  5705
       Reflection        |       |       |       |       |       |    45 |    81 |    89 |    75 ||   290

Table legend:
 A = Spawn XP
 B = Non-spawn XP
 C = Spawn XP percentage of total XP
 D = Spawn monster count
 E = Non-spawn monster count
 F = Spawn count percentage of total count
 G = Total turns spent on level
                    A         B        C        D         E        F      G
               +---------+---------+-------+---------+---------+-------+---------
         Total |   26494 | 2254867 |   1.2 |      63 |    3552 |   1.7 | 33049
               +---------+---------+-------+---------+---------+-------+---------
           D:1 |       0 |      29 |   0.0 |       0 |      18 |   0.0 |   284
           D:2 |       0 |       7 |   0.0 |       0 |       5 |   0.0 |   426
           D:3 |       0 |     319 |   0.0 |       0 |      30 |   0.0 |   533
           D:4 |       0 |     404 |   0.0 |       0 |      12 |   0.0 |   421
           D:5 |       0 |     512 |   0.0 |       0 |      22 |   0.0 |   501
           D:6 |       0 |    1713 |   0.0 |       0 |      22 |   0.0 |   745
           D:7 |       0 |    1238 |   0.0 |       0 |      12 |   0.0 |   590
           D:8 |       0 |    1563 |   0.0 |       0 |      29 |   0.0 |   628
           D:9 |       0 |    4719 |   0.0 |       0 |      30 |   0.0 |   685
          D:10 |       0 |    2583 |   0.0 |       0 |      19 |   0.0 |   891
          D:11 |       0 |    7956 |   0.0 |       0 |      78 |   0.0 |   898
          D:12 |       0 |    2728 |   0.0 |       0 |      23 |   0.0 |   565
          D:13 |       0 |   12184 |   0.0 |       0 |      44 |   0.0 |   760
          D:14 |       0 |    6667 |   0.0 |       0 |      40 |   0.0 |   592
          D:15 |       0 |   22197 |   0.0 |       0 |      67 |   0.0 |   715
        Lair:1 |       0 |    5773 |   0.0 |       0 |      20 |   0.0 |   529
        Lair:2 |       0 |    8447 |   0.0 |       0 |      40 |   0.0 |   564
        Lair:3 |       0 |    5114 |   0.0 |       0 |      18 |   0.0 |   563
        Lair:4 |       0 |    3313 |   0.0 |       0 |      16 |   0.0 |   567
        Lair:5 |       0 |    3301 |   0.0 |       0 |      10 |   0.0 |   579
        Lair:6 |       0 |   18347 |   0.0 |       0 |      67 |   0.0 |   875
      Shoals:1 |       0 |   12394 |   0.0 |       0 |      25 |   0.0 |   370
      Shoals:2 |       0 |   14896 |   0.0 |       0 |      28 |   0.0 |   454
      Shoals:3 |       0 |   23372 |   0.0 |       0 |      43 |   0.0 |   387
      Shoals:4 |       0 |   38676 |   0.0 |       0 |      77 |   0.0 |   522
       Snake:1 |       0 |   16309 |   0.0 |       0 |      37 |   0.0 |   381
       Snake:2 |       0 |   21584 |   0.0 |       0 |      34 |   0.0 |   493
       Snake:3 |       0 |   31164 |   0.0 |       0 |      70 |   0.0 |   419
       Snake:4 |       0 |   58281 |   0.0 |       0 |      95 |   0.0 |   755
       Slime:1 |       0 |    6743 |   0.0 |       0 |      19 |   0.0 |    51
       Slime:2 |       0 |   18013 |   0.0 |       0 |      23 |   0.0 |   190
       Slime:3 |       0 |   40670 |   0.0 |       0 |      47 |   0.0 |   284
       Slime:4 |       0 |    9652 |   0.0 |       0 |      14 |   0.0 |   119
       Slime:5 |       0 |   33369 |   0.0 |       0 |      17 |   0.0 |   298
         Orc:1 |       0 |    1952 |   0.0 |       0 |      29 |   0.0 |   553
         Orc:2 |       0 |   11878 |   0.0 |       0 |      68 |   0.0 |  1022
         Elf:1 |       0 |   38362 |   0.0 |       0 |      52 |   0.0 |   541
         Elf:2 |       0 |   14036 |   0.0 |       0 |      20 |   0.0 |   302
         Elf:3 |       0 |   71747 |   0.0 |       0 |      64 |   0.0 |   828
      Vaults:1 |       0 |   10966 |   0.0 |       0 |      18 |   0.0 |   148
      Vaults:2 |       0 |   42279 |   0.0 |       0 |      67 |   0.0 |   317
      Vaults:3 |       0 |   51018 |   0.0 |       0 |      91 |   0.0 |   418
      Vaults:4 |       0 |  101635 |   0.0 |       0 |     120 |   0.0 |   544
      Vaults:5 |       0 |  110618 |   0.0 |       0 |      96 |   0.0 |   646
      Depths:1 |       0 |   67570 |   0.0 |       0 |      77 |   0.0 |   421
      Depths:2 |       0 |   94427 |   0.0 |       0 |      92 |   0.0 |   422
      Depths:3 |       0 |   31898 |   0.0 |       0 |      50 |   0.0 |   195
          Hell |       0 |   47121 |   0.0 |       0 |      78 |   0.0 |   301
         Dis:1 |       0 |     743 |   0.0 |       0 |       5 |   0.0 |    13
         Dis:2 |       0 |   29994 |   0.0 |       0 |      52 |   0.0 |   234
         Dis:3 |       0 |   36821 |   0.0 |       0 |      34 |   0.0 |   203
         Dis:4 |       0 |   13674 |   0.0 |       0 |      26 |   0.0 |    73
         Dis:5 |       0 |   27335 |   0.0 |       0 |      65 |   0.0 |   233
         Dis:6 |       0 |   27045 |   0.0 |       0 |      36 |   0.0 |   207
         Dis:7 |       0 |  109379 |   0.0 |       0 |     111 |   0.0 |   499
         Geh:1 |       0 |   23461 |   0.0 |       0 |      58 |   0.0 |   158
         Geh:2 |       0 |     746 |   0.0 |       0 |       4 |   0.0 |    14
         Geh:3 |       0 |   22740 |   0.0 |       0 |      48 |   0.0 |   119
         Geh:4 |       0 |   28258 |   0.0 |       0 |      58 |   0.0 |   211
         Geh:6 |       0 |    5866 |   0.0 |       0 |      12 |   0.0 |    37
         Geh:7 |       0 |   69872 |   0.0 |       0 |      69 |   0.0 |   354
         Coc:2 |       0 |   17818 |   0.0 |       0 |      41 |   0.0 |   136
         Coc:3 |       0 |    5160 |   0.0 |       0 |       9 |   0.0 |    36
         Coc:4 |       0 |     229 |   0.0 |       0 |       2 |   0.0 |    19
         Coc:5 |       0 |   10279 |   0.0 |       0 |      37 |   0.0 |    80
         Coc:6 |       0 |    9094 |   0.0 |       0 |      21 |   0.0 |    36
         Coc:7 |       0 |   82759 |   0.0 |       0 |      78 |   0.0 |   368
         Tar:1 |       0 |    7566 |   0.0 |       0 |      21 |   0.0 |   103
         Tar:2 |       0 |    5744 |   0.0 |       0 |      28 |   0.0 |    44
         Tar:3 |       0 |   40419 |   0.0 |       0 |      58 |   0.0 |   455
         Tar:4 |       0 |    5386 |   0.0 |       0 |       9 |   0.0 |    76
         Tar:5 |       0 |   23447 |   0.0 |       0 |      27 |   0.0 |   133
         Tar:6 |       0 |    3120 |   0.0 |       0 |       4 |   0.0 |    28
         Tar:7 |       0 |   65998 |   0.0 |       0 |      59 |   0.0 |   287
           Pan |   26494 |  364895 |   6.8 |      63 |     355 |  15.1 |  2766
         Zig:1 |       0 |    1945 |   0.0 |       0 |       1 |   0.0 |    14
         Zig:2 |       0 |    7741 |   0.0 |       0 |       2 |   0.0 |    21
         Zig:3 |       0 |    3393 |   0.0 |       0 |       4 |   0.0 |    34
         Zig:4 |       0 |    2746 |   0.0 |       0 |       7 |   0.0 |    33
         Zig:5 |       0 |    6968 |   0.0 |       0 |       8 |   0.0 |    34
         Zig:6 |       0 |    9801 |   0.0 |       0 |       6 |   0.0 |    60
         Zig:7 |       0 |   12534 |   0.0 |       0 |       9 |   0.0 |    37
         Zig:8 |       0 |   13320 |   0.0 |       0 |      10 |   0.0 |    55
         Zig:9 |       0 |   15199 |   0.0 |       0 |      12 |   0.0 |    54
         Sewer |       0 |     449 |   0.0 |       0 |      28 |   0.0 |   504
         IceCv |       0 |    6362 |   0.0 |       0 |      54 |   0.0 |   625
       Volcano |       0 |    6817 |   0.0 |       0 |      11 |   0.0 |   198
               +---------+---------+-------+---------+---------+-------+---------
